 Dungeon Crawl Stone Soup version 0.26-a0-259-g1effd001a9 (webtiles) character file.

Game seed: 14382851162562067906

38 QuietlyReading the Digger (level 3, 0/19 HPs)
             Began as a Gargoyle Earth Elementalist on July 4, 2020.
             Slain by a giant cockroach (2 damage)
             ... on level 2 of the Dungeon on July 10, 2020.
             The game lasted 00:09:16 (1549 turns).

QuietlyReading the Digger (GrEE)                    Turns: 1549, Time: 00:09:16

Health: 0/19       AC:  5    Str: 11    XL:     3   Next: 43%
Magic:  7/7        EV: 12    Int: 16    God:
Gold:   51         SH:  0    Dex: 10    Spells: 6/7 levels left

rFire    . . .     SeeInvis .   l - +0 mace (vorpal)
rCold    . . .     Faith    .   (no shield)
rNeg     + . .     Spirit   .   c - +0 robe
rPois    ∞         Reflect  .   (no helmet)
rElec    +         Harm     .   i - scarf {+Inv}
rCorr    .                      (no gloves)
MR       +....                  (no boots)
Stlth    ++........             (no amulet)
HPRegen  0.06/turn              a - ring of protection from magic
MPRegen  0.10/turn              e - ring of flight

@: no status effects
A: negative energy resistance 1, electricity resistance, unbreathing,
petrification resistance, rot immunity, AC +3
a: Evoke Invisibility, Evoke Flight


You were on level 2 of the Dungeon.
You were not hungry.

You visited 1 branch of the dungeon, and saw 2 of its levels.

You collected 51 gold pieces.

Inventory:

Hand Weapons
 g - a +0 whip
 j - a +0 dagger of venom
 l - a +0 vorpal mace (weapon)
Missiles
 b - 24 stones (quivered)
Armour
 c - a +0 robe (worn)
 i - a scarf of invisibility (worn)
 m - a +0 cloak
Jewellery
 a - a ring of protection from magic (left hand)
 e - a ring of flight (right hand)
 f - an uncursed ring of poison resistance
Scrolls
 h - a scroll of remove curse
Potions
 k - a potion of curing {unknown}
Comestibles
 d - a ration


   Skills:
 - Level 1.5 Dodging
 - Level 2.1 Stealth
 * Level 2.8 Spellcasting
   Level 0.7 Transmutations
 * Level 4.5 Earth Magic


You had 6 spell levels left.
You knew the following spells:

 Your Spells              Type           Power        Failure   Level
a - Sandblast             Erth           ###...       3%          1

Your spell library contained the following spells:

 Spells                   Type           Power        Failure   Level
 Passwall                 Tmut/Erth      ##......     10%         2
 Stone Arrow              Conj/Erth      #.....       22%         3
 Petrify                  Tmut/Erth      ##......     54%         4
 Lee's Rapid Deconstruct  Erth           ###.......   63%         5


Dungeon Overview and Level Annotations

Branches:
Dungeon (2/15)

Altars:

Annotations:
D:2 Jessica


Innate Abilities, Weirdness & Mutations

You are resistant to torment.
Your stone body is resilient. (AC +3)
You are immune to poison.
You resist negative energy. (rN+)
You are resistant to electric shocks. (rElec)
You can survive without breathing.
You are immune to petrification.
You are immune to rotting.


Message History

The giant cockroach closely misses you. Jessica closely misses you.
The giant cockroach misses you. Jessica closely misses you.
You hit Jessica.
Jessica is severely wounded.
The giant cockroach bites you but does no damage.
Jessica mumbles some strange words.
Jessica blinks!
The giant cockroach closely misses you.
Jessica grins evilly.
Jessica casts a spell.
Jessica blinks!
You hit the giant cockroach but do no damage.
The giant cockroach barely misses you. The giant cockroach bites you.
* * * LOW HITPOINT WARNING * * *
You closely miss the giant cockroach. The giant cockroach bites you.
* * * LOW HITPOINT WARNING * * *
The giant cockroach bites you but does no damage.
You hit the giant cockroach but do no damage.
The giant cockroach barely misses you.
You barely miss the giant cockroach. The giant cockroach bites you.
You die...

#...$.
####....#
.......#
#....# #.#
##....# ..
#)..#.#
#.###..##.# .#
#..#...#s@#
...##.#.#.#@##
.......§..#.#
#.##..#.##.#
#..#<†..##.#
#.......#.#
####....#.#
#....#.#
#......#
#.....##


You could see Jessica (fast) and a giant cockroach.

Vanquished Creatures
  A dart slug (D:1)
  A leopard gecko (D:1)
  6 giant cockroaches (D:1)
  3 hobgoblins (D:1)
  2 kobolds (D:1)
  4 bats (D:1)
  2 frilled lizards
  6 goblins
  9 rats (D:1)
34 creatures vanquished.

Notes
Turn   | Place    | Note
-------+----------+-------------------------------------------
     0 | D:1      | QuietlyReading the Gargoyle Earth Elementalist began the
                  | quest for the Orb.
     0 | D:1      | Reached XP level 1. HP: 10/10 MP: 3/3
   343 | D:1      | Reached skill level 4 in Earth Magic
   343 | D:1      | Reached XP level 2. HP: 15/15 MP: 3/5
   415 | D:1      | Upgraded the game from 0.26-a0-190-g75a3d40d47 to
                  | 0.26-a0-259-g1effd001a9
  1049 | D:1      | Reached XP level 3. HP: 19/19 MP: 6/6
  1525 | D:2      | Noticed Jessica
  1549 | D:2      | Slain by a giant cockroach

Illustrated notes

Levels and vault maps discovered:
D:1:      dpeg_arrival_ratfight, layout_basic
D:2:      layout_rooms, first_ration, due_unseen_surprise, uniq_jessica

Skill      XL: |  1 |
---------------+----+-----
Earth Magic    | 4 |  4.5
Dodging        | |  1.5
Stealth        | |  2.1
Spellcasting   | |  2.8
Transmutations | |  0.7

Action                   || total
-------------------------++-------
Melee: Unarmed           ||    35
       Whip              ||    50
       Mace              ||    29
 Cast: Sandblast         ||    10
  Use: Scroll            ||     3
       Potion            ||     1
 Stab: Sleeping          ||     4
  Eat: Ration            ||     1
Armor: Robe              ||    53
Dodge: Dodged            ||    88

Table legend:
 A = Non-vault XP
 B = Vault XP
 C = Vault XP percentage of total XP
 D = Non-vault monster count
 E = Vault monster count
 F = Vault count percentage of total count
                 A         B        C        D         E       F
            +---------+---------+-------+---------+---------+-------
      Total |      50 |       5 |   9.1 |      29 |       5 |  14.7
            +---------+---------+-------+---------+---------+-------
        D:1 |      47 |       5 |   9.6 |      27 |       5 |  15.6
        D:2 |       3 |       0 |   0.0 |       2 |       0 |   0.0
            +---------+---------+-------+---------+---------+-------
